cohdb
Replays
Latest Replays
All Replays
Popular Replays
Top Player Replays
Match Explorer
How It Works
Community
CoH3 Stats
Reddit
Sign in to upload your games and track your stats! →
Sign in with Steam
Match 44025813
Unlisted
Match 44025813
Overview
Messages
Build Orders
End
Royal Engineer Section
Construct Section Command Post
Infantry Section
Infantry Section
Construct Platoon Command Post
Unlock M3 Stuart Light Tanks
M3 Stuart Light Tank
Infantry Section
6-pounder Anti-tank Gun Team
Construct Field Infirmary
Infantry Section
Selects Air and Sea Battlegroup
Selects Supply Surplus
Selects UNKNOWN (223837)
Jeerayah
Snieeke
WHOSWHO
Oncle-Hô
Sansa Shark
Chr1z_92
Marsouin
GoodLife
0
0
Comments
sign in to comment!
No comments posted yet!